 Dungeon Crawl Stone Soup version 0.18-a0-1285-g60d00e1 (webtiles) character file.

1379 Duffy the Thaumaturge (level 8, -12/36 HPs)
             Began as a Spriggan Conjurer on Feb 8, 2016.
             Was an Initiate of Gozag.
             Mangled by an orc warrior
             ... wielding a +0 long sword
              (16 damage)
             ... on level 6 of the Dungeon.
             The game lasted 00:08:52 (7785 turns).

Duffy the Thaumaturge (Spriggan Conjurer)           Turns: 7785, Time: 00:08:52

Health: -12/36     AC:  4    Str:  4    XL:     8   Next: 39%
Magic:  5/22       EV: 18    Int: 19    God:    Gozag
Gold:   335        SH:  0    Dex: 16    Spells: 2 memorised, 22 levels left

rFire  + . .     SeeInvis +     z - staff of conjuration
rCold  + . .     Gourm    .     A - +2 robe {rF+}
rNeg   . . .     Faith    .     (shield currently unavailable)
rPois  .         Spirit   .     (helmet restricted)
rElec  .         Dismiss  .     (no cloak)
rCorr  .         Reflect  .     (gloves unavailable)
SustAt .         Harm     .     (boots unavailable)
MR     +....                    (no amulet)
Stlth  +++.......               o - ring of protection from cold
                                e - ring of wizardry

@: gold aura, very quick, somewhat resistant to hostile enchantments, fairly
stealthy
A: unfitting armour, see invisible, herbivore 3, speed 3, slow metabolism 2
a: Potion Petition, Call Merchant, Bribe Branch, Renounce Religion


You were on level 6 of the Dungeon.
You worshipped Gozag.
Gozag was noncommittal.
You were not hungry.

You visited 2 branches of the dungeon, and saw 7 of its levels.

You collected 424 gold pieces.
You paid 89 gold pieces to Gozag.


Innate Abilities, Weirdness & Mutations

You are tiny and cannot use many weapons and most armour.
You have supernaturally acute eyesight.
You are a herbivore.
You cover ground extremely quickly.
You need consume almost no food.


   Skills:
 - Level 3.0 Dodging
 - Level 3.0 Stealth
 + Level 9.0 Spellcasting
 + Level 6.4 Conjurations


You had 22 spell levels left.
You knew the following spells:

 Your Spells              Type           Power        Failure   Level  Hunger
a - Magic Dart            Conj           ####         1%          1    None
s - Searing Ray           Conj           #####.       1%          2    None

Inventory:

Missiles
 k - 17 poisoned needles
Armour
 a - a +0 robe
 A - a +2 robe of fire resistance (worn)
Magical Staves
 l - an uncursed staff of air
 n - an uncursed staff of death
 z - an uncursed staff of conjuration (weapon)
Jewellery
 e - a ring of wizardry (left hand)
 o - a ring of protection from cold (right hand)
Wands
 i - a wand of lightning (6/15)
 D - a wand of flame (14/48)
 E - a wand of disintegration (16/24)
Scrolls
 d - 2 scrolls of random uselessness {unknown}
 f - 4 scrolls of teleportation {unknown}
 p - 3 scrolls of identify {unknown}
 q - a scroll of immolation {unknown}
 r - 2 scrolls of enchant weapon {unknown}
 s - 2 scrolls of blinking {unknown}
 v - a scroll of amnesia {unknown}
 w - 4 scrolls of remove curse {unknown}
 y - 2 scrolls of fear {unknown}
 B - a scroll of magic mapping {unknown}
 C - a scroll of noise {unknown}
Potions
 h - a potion of lignification {unknown}
 j - 2 potions of curing {unknown}
 m - 2 potions of haste {unknown}
 t - a potion of agility {unknown}
 x - a potion of flight {unknown}
Books
 b - a book of Conjurations
 u - a book of Minor Magic
Comestibles
 c - 2 bread rations
 g - 2 slices of pizza

Dungeon Overview and Level Annotations

Branches:
Dungeon (6/15)             Temple (1/1) D:4

Altars:
Dithmenos
Gozag
Kikubaaqudgha
Makhleb
Okawaru
Pakellas
Qazlal
Sif Muna
Vehumet
Zin


Message History

Cast which spell? (? or * to list)
Aiming: Searing Ray
Press: ? - help, Shift-Dir - straight line, f/p - orc warrior
Aim: an orc warrior, wielding a long sword and wearing a plate armour (heavily wounded)
You feel a surge of power!
The searing ray hits the orc warrior.
The orc warrior is heavily wounded.
The orc warrior closely misses you.
The searing ray hits the orc warrior.
The orc warrior is severely wounded.
The orc warrior closely misses you.
The searing ray hits the orc warrior.
The orc warrior is severely wounded.
The orc warrior misses you.
The searing ray misses the orc warrior.
The searing ray hits the orc.
You kill the orc!
The orc priest shouts!
The orc wizard hits you but does no damage.
The orc priest mumbles some strange prayers to Beogh against you.
Something smites you!
The orc priest calls down the wrath of Beogh upon you.
Something smites you!
Cast which spell? (? or * to list)
Aiming: Searing Ray
Press: ? - help, Shift-Dir - straight line, f/p - orc warrior
Aim: an orc warrior, wielding a long sword and wearing a plate armour (severely wounded)
You feel a surge of power!
The searing ray hits the orc warrior.
The orc warrior is severely wounded.
The searing ray hits the orc warrior.
The orc warrior is almost dead.
The orc warrior hits you with a long sword!
The searing ray hits the orc warrior.
The orc warrior is almost dead.
The orc warrior hits you with a long sword!
You die...
Your body crumbles into a pile of gold.

##.#.# #$# #...#.## #.#
.##.##.#### ####$# ..........#
#....########
.##.##.##.###...o........ $
..#.#.###.......<########
.#...## #####.##o# #. .##.##
#[##o# ##.### .##.# ##.##@####
#..... +#### ###........###
#..###
#............######.....
#######>#.....................
#..........##.##.#.######..###
#######.##.##...............##
#.##.##.##.....####..#.#
#.##)##.####.#.# ##.###.
#.##)##.)..#.#.###.## ##


You could see an orc warrior, an orc priest and an orc wizard (invisible).

Action                   |  1- 3 |  4- 6 |  7- 9 || total
-------------------------+-------+-------+-------++-------
 Cast: Magic Dart        |   109 |   104 |    88 ||   301
       Searing Ray       |     1 |    16 |    24 ||    41
  Eat: Pizza             |       |       |     2 ||     2

Notes
Turn   | Place    | Note
--------------------------------------------------------------
     0 | D:1      | Duffy the Spriggan Conjurer began the quest for the Orb.
     0 | D:1      | Reached XP level 1. HP: 9/9 MP: 5/5
    90 | D:1      | Reached skill level 3 in Conjurations
   216 | D:1      | Reached skill level 3 in Spellcasting
   359 | D:1      | Reached XP level 2. HP: 13/13 MP: 2/7
   363 | D:1      | Learned a level 2 spell: Searing Ray
   621 | D:1      | Reached XP level 3. HP: 16/16 MP: 0/9
  1592 | D:2      | Reached skill level 4 in Spellcasting
  1884 | D:2      | Reached XP level 4. HP: 21/21 MP: 2/11
  2290 | D:2      | Found an iron altar of Okawaru.
  2597 | D:3      | Found a shadowy altar of Dithmenos.
  2698 | D:3      | Reached skill level 4 in Conjurations
  2698 | D:3      | Reached XP level 5. HP: 24/24 MP: 7/13
  2801 | D:3      | Found a stormy altar of Qazlal.
  3055 | D:3      | Reached skill level 5 in Spellcasting
  3196 | D:4      | Noticed M4edhros's ghost (amateur SpCK)
  3414 | D:5      | Entered Level 5 of the Dungeon
  3537 | D:5      | Noticed an ice beast
  3555 | D:5      | Killed an ice beast
  3665 | D:5      | Noticed an ice beast
  3913 | D:5      | Killed an ice beast
  3913 | D:5      | Reached skill level 6 in Spellcasting
  3913 | D:5      | Reached XP level 6. HP: 28/28 MP: 8/16
  4635 | D:5      | Reached skill level 5 in Conjurations
  4720 | D:5      | Reached XP level 7. HP: 32/32 MP: 13/18
  5077 | D:4      | Reached skill level 7 in Spellcasting
  5231 | D:4      | Killed M4edhros's ghost
  5549 | D:4      | Found a staircase to the Ecumenical Temple.
  5588 | Temple   | Entered the Ecumenical Temple
  6054 | Temple   | Became a worshipper of Gozag Ym Sagoz the Greedy
  6585 | D:6      | Reached skill level 8 in Spellcasting
  6587 | D:6      | Reached XP level 8. HP: 25/36 MP: 6/21
  6597 | D:6      | Reached skill level 6 in Conjurations
  7536 | D:6      | Found a radiant altar of Vehumet.
  7675 | D:6      | Reached skill level 9 in Spellcasting
  7785 | D:6      | Mangled by an orc warrior

Vault maps used:
D:1:      evilmike_arrival_run_for_it, roderic_bipointed_swastika
D:2:      okawaru_altar_gauntlet_db
D:3:      grunt_dithmenos_smoke_and_mirrors, nicolae_qazlal_general_emergency
D:4:      minmay_temple_entry_junction, first_bread
D:5:      kennysheep_generic_room_6
D:6:      kennysheep_little_box, vehumet_altar_wand_db, due_unseen_surprise
Temple:   hc_temple_tempest_star

Vanquished Creatures
  2 ice beasts
  A phantom
  An ogre
  A centaur
  The ghost of M4edhros the Ducker, an amateur SpCK of Xom
  9 wights
  4 hounds
  An orc priest
  3 orc wizards
  3 worker ants
  A gnoll
  3 adders
  3 oozes
  An adder skeleton
  5 worms
  2 giant geckos
  18 orcs
  6 bats
  5 giant cockroaches
  10 goblins
  11 hobgoblins
  12 jackals
  10 kobolds
  A quokka
  A ball python skeleton
  4 giant newts
  A jackal skeleton
  A quokka skeleton
  7 rats
128 creatures vanquished.
